 Dungeon Crawl Stone Soup version 0.21-a0-508-gf08a75f (webtiles) character file.

184 Dawnplanks the Digger (level 5, -4/29 HPs)
             Began as a Gargoyle Earth Elementalist on Nov 28, 2017.
             Slain by an ogre
             ... wielding a +0 giant club
              (13 damage)
             ... on level 4 of the Dungeon.
             The game lasted 00:12:55 (3977 turns).

Dawnplanks the Digger (Gargoyle Earth Elementalist) Turns: 3977, Time: 00:12:56

Health: -4/29      AC:  6    Str: 11    XL:     5   Next: 63%
Magic:  8/11       EV: 12    Int: 17    God:
Gold:   124        SH:  0    Dex: 10    Spells: 8/12 levels left

rFire    . . .     SeeInvis +   t - +0 dagger (holy)
rCold    . . .     Gourm    .   (no shield)
rNeg     + . .     Faith    .   z - +0 robe
rPois    ∞         Spirit   .   (no helmet)
rElec    +         Reflect  .   (no cloak)
rCorr    .         Harm     .   (no gloves)
MR       .....                  (no boots)
Stlth    ++........             (no amulet)
HPRegen  0.09/turn              m - ring of see invisible
MPRegen  0.12/turn              (no ring)

@: no status effects
A: negative energy resistance 1, electricity resistance, unbreathing,
petrification resistance, rot immunity, AC +4
a: no special abilities


You were on level 4 of the Dungeon.
You were hungry.

You visited 1 branch of the dungeon, and saw 4 of its levels.

You collected 124 gold pieces.

Inventory:

Hand Weapons
 j - a +0 club
 k - a +0 spear of piercing
 t - a +0 dagger of holy wrath (weapon)
Missiles
 b - 57 stones
 g - 8 poisoned tomahawks
 n - 2 javelins of penetration
 w - 12 tomahawks (quivered)
Armour
 c - a +0 robe
 z - a +0 robe (worn)
Jewellery
 m - a ring of see invisible (left hand)
 p - an uncursed ring of loudness
Scrolls
 f - 3 scrolls of remove curse
 i - 2 scrolls of identify {unknown}
 q - a scroll of enchant weapon {unknown}
 v - 2 scrolls of teleportation {unknown}
Potions
 a - 2 potions of curing {unknown}
 h - a potion of berserk rage {unknown}
 l - a potion of magic {unknown}
 o - a potion of degeneration {unknown}
 r - 2 potions of lignification {unknown}
 s - 2 potions of heal wounds {unknown}
 u - 2 potions of cancellation {unknown}
 x - 2 potions of invisibility {unknown}
Books
 e - a book of Geomancy

   Spells                             Type                      Level
   a - Sandblast                      Earth                        1
   b - Passwall                       Transmutation/Earth          2
   c - Stone Arrow                    Conjuration/Earth            3
   d - Petrify                        Transmutation/Earth          4
   e - Lee's Rapid Deconstruction     Earth                        5
 y - a book of Callings

   Spells                             Type                      Level
   a - Summon Small Mammal            Summoning                    1
   b - Call Imp                       Summoning                    2
   c - Call Canine Familiar           Summoning                    3
   d - Summon Guardian Golem          Hexes/Summoning              3
   e - Summon Lightning Spire         Summoning/Air                4
   f - Summon Ice Beast               Ice/Summoning                4
Comestibles
 d - a bread ration


   Skills:
 - Level 1.1 Fighting
 - Level 1.6 Maces & Flails
 - Level 1.5 Dodging
 - Level 2.1 Stealth
 + Level 0.2 Unarmed Combat
 * Level 4.0 Spellcasting
 * Level 0.7 Conjurations
   Level 0.7 Transmutations
 + Level 4.6 Earth Magic


You had 8 spell levels left.
You knew the following spells:

 Your Spells              Type           Power        Failure   Level  Hunger
a - Sandblast             Erth           ###...       2%          1    None
b - Stone Arrow           Conj/Erth      ##....       16%         3    ###....


Dungeon Overview and Level Annotations

Branches:
Dungeon (4/15)
 Temple: D:4-7

Altars:
Gozag
Nemelex Xobeh
Uskayaw
Yredelemnul
The Shining One


Innate Abilities, Weirdness & Mutations

You are resistant to torment.
Your stone body is resilient. (AC +4)
You are immune to poison.
You resist negative energy. (rN+)
You are resistant to electric shocks. (rElec)
You can survive without breathing.
You are immune to petrification.
You are immune to rotting.


Message History

Confirm with . or Enter, or press ? or * to list all spells.
Aiming: Sandblast
Press: ? - help, Shift-Dir - straight line, f - ogre
Aim: an ogre, wielding a giant club The blast of sand hits the ogre.
The ogre is moderately wounded.
b - 58 stones The ogre hits you with a giant club!!
Ouch! That really hurt!
* * * LOW HITPOINT WARNING * * *
Casting: Sandblast
Confirm with . or Enter, or press ? or * to list all spells.
Aiming: Sandblast
Press: ? - help, Shift-Dir - straight line, f/p - ogre
Aim: an ogre, wielding a giant club (moderately wounded)
The blast of sand hits the ogre.
The ogre is moderately wounded.
b - 57 stones The ogre hits you with a giant club!
You die...

#......#...#
#....).#...# ###
#......#####...#
#......#####...# #
###....#... ...
#..####.####.###.#
#................#
##......###O....##
######## #@....#
#.....# #....(#
#.....# ##.####
#.. ..## ####


You could see an ogre.

Vanquished Creatures
  An orc wizard (D:3)
  An orc priest (D:3)
  A hound skeleton (D:4)
  3 adders
  An ooze (D:2)
  An adder skeleton (D:4)
  2 worms
  2 dart slugs
  A leopard gecko (D:3)
  5 orcs (D:3)
  10 goblins
  6 hobgoblins
  9 jackals (D:2)
  A ball python (D:4)
  A ball python skeleton (D:4)
  8 bats
  2 frilled lizards (D:3)
  2 kobolds
  3 rats
60 creatures vanquished.

Vanquished Creatures (others)
  A hobgoblin (D:2)
1 creature vanquished.

Grand Total: 61 creatures vanquished

Notes
Turn   | Place    | Note
-------+----------+-------------------------------------------
     0 | D:1      | Dawnplanks the Gargoyle Earth Elementalist began the quest for the Orb.
     0 | D:1      | Reached XP level 1. HP: 10/10 MP: 3/3
   696 | D:2      | Reached XP level 2. HP: 13/15 MP: 5/5
  1368 | D:2      | Found an opulent altar of Gozag.
  1625 | D:2      | Found a hide-covered altar of Uskayaw.
  1636 | D:2      | Reached XP level 3. HP: 13/19 MP: 5/7
  2318 | D:2      | Reached XP level 4. HP: 22/24 MP: 6/8
  2335 | D:2      | Found a glowing golden altar of the Shining One.
  2391 | D:2      | Found a sparkling altar of Nemelex Xobeh.
  2552 | D:2      | Found a basalt altar of Yredelemnul.
  2703 | D:2      | Noticed an angel
  2755 | D:3      | Reached skill level 1 in Maces & Flails
  3252 | D:3      | Reached XP level 5. HP: 28/28 MP: 8/10
  3306 | D:3      | Learned a level 3 spell: Stone Arrow
  3385 | D:3      | Reached skill level 1 in Fighting
  3956 | D:4      | Noticed an ogre
  3977 | D:4      | Slain by an ogre

Vault maps used:
D:1:      evilmike_arrival_rings
D:2:      grunt_temple_overflow_holy_war, nemelex_xobeh_ov_fountains_minmay,
          nicolae_gozag_seed_capital, lemuel_doored_altar
D:4:      nicolae_overflow_hidden_temple, serial_shops, nicolae_shop_waterfront,
          minmay_small_thing, uniq_natasha

Skill      XL: |  1  2  3  4  5 |
---------------+----------------+-----
Earth Magic    | 4 |  4.6
Spellcasting   | 3 4 |  4.0
Maces & Flails | 1 |  1.6
Fighting       | 1 |  1.1
Dodging        | |  1.5
Stealth        | |  2.1
Unarmed Combat | |  0.2
Conjurations   | |  0.7
Transmutations | |  0.7

Action                   |  1- 3 |  4- 6 || total
-------------------------+-------+-------++-------
Melee: Club              |   101 |    76 ||   177
       Unarmed           |     5 |       ||     5
       Dagger            |       |    14 ||    14
 Cast: Sandblast         |    17 |    27 ||    44
  Use: Scroll            |       |     1 ||     1
 Stab: Sleeping          |     2 |       ||     2
  Eat: Chunk             |     4 |     5 ||     9
Armor: Robe              |    40 |    53 ||    93
Dodge: Dodged            |   100 |    72 ||   172

Table legend:
 A = Spawn XP
 B = Non-spawn XP
 C = Spawn XP percentage of total XP
 D = Spawn monster count
 E = Non-spawn monster count
 F = Spawn count percentage of total count
 G = Total turns spent on level
                    A         B        C        D         E        F      G
               +---------+---------+-------+---------+---------+-------+---------
         Total |       0 |     263 |   0.0 |       0 |      60 |   0.0 |  3977
               +---------+---------+-------+---------+---------+-------+---------
           D:1 |       0 |       9 |   0.0 |       0 |       5 |   0.0 |   692
           D:2 |       0 |      73 |   0.0 |       0 |      22 |   0.0 |  2037
           D:3 |       0 |     150 |   0.0 |       0 |      28 |   0.0 |  1109
           D:4 |       0 |      31 |   0.0 |       0 |       5 |   0.0 |   139
               +---------+---------+-------+---------+---------+-------+---------
